 Dungeon Crawl Stone Soup version 0.20.0-10-g0535bb4 (webtiles) character file.

364 kuniqs the Shield-Bearer (level 6, -9/39 HPs)
             Began as a Gargoyle Fighter on June 3, 2017.
             Mangled by an ogre
             ... wielding a +0 giant club
              (23 damage)
             ... on level 4 of the Dungeon.
             The game lasted 00:04:24 (4080 turns).

kuniqs the Shield-Bearer (Gargoyle Fighter)         Turns: 4080, Time: 00:04:25

Health: -9/39      AC: 16    Str: 19    XL:     6   Next: 67%
Magic:  6/6        EV:  4    Int:  9    God:
Gold:   180        SH: 14    Dex: 11    Spells: 5/5 levels left

rFire    . . .     SeeInvis .   x - +0 hand axe (freeze)
rCold    . . .     Gourm    .   v - +0 large shield
rNeg     + . .     Faith    .   m - +0 chain mail
rPois    ∞         Spirit   .   t - +0 helmet
rElec    +         Reflect  .   (no cloak)
rCorr    .         Harm     .   (no gloves)
MR       .....                  w - +0 pair of boots
Stlth    ..........             (no amulet)
Regen    0.2/turn               c - ring of loudness (curse)
MPRegen  0.1/turn               (no ring)

@: no status effects
A: negative energy resistance 1, electricity resistance, unbreathing,
petrification resistance, rot immunity, AC +4
a: no special abilities


You were on level 4 of the Dungeon.
You were hungry.

You visited 1 branch of the dungeon, and saw 4 of its levels.

You collected 180 gold pieces.

Inventory:

Hand Weapons
 a - a +0 war axe
 x - a +0 hand axe of freezing (weapon)
Missiles
 l - 3 throwing nets (quivered)
Armour
 m - a +0 chain mail (worn)
 t - a +0 helmet (worn)
 v - a +0 large shield (worn)
 w - a +0 pair of boots (worn)
Jewellery
 c - a cursed ring of loudness (left hand)
Scrolls
 g - a scroll of fog {unknown}
 h - 2 scrolls of remove curse {unknown}
 j - 2 scrolls of amnesia {unknown}
 o - a scroll of magic mapping {unknown}
 r - 5 scrolls of identify {unknown}
 s - 2 scrolls of teleportation {unknown}
 y - a scroll of random uselessness {unknown}
Potions
 b - a potion of degeneration {unknown}
 e - a potion of brilliance {unknown}
 k - a potion of magic {unknown}
 n - 2 potions of flight {unknown}
 p - 2 potions of heal wounds {unknown}
 q - 2 potions of curing {unknown}
 u - a potion of might
 A - a potion of mutation {unknown}
Comestibles
 d - 2 bread rations
 f - 4 fruits
 i - 2 royal jellies


   Skills:
 + Level 4.3 Fighting
 + Level 3.1 Axes
 + Level 4.6 Armour
 + Level 2.2 Dodging
 + Level 4.7 Shields


You had 5 spell levels left.
You didn't know any spells.

Dungeon Overview and Level Annotations

Branches:
Dungeon (4/15)
 Temple: D:4-7

Altars:

Annotations:
D:2 1 runed door


Innate Abilities, Weirdness & Mutations

You are resistant to torment.
Your stone body is resilient. (AC +4)
You are immune to poison.
You resist negative energy. (rN+)
You are resistant to electric shocks. (rElec)
You can survive without breathing.
You are immune to petrification.
You are immune to rotting.


Message History

There is a stone staircase leading up here.
The ogre shouts!
You hit the ogre. You freeze the ogre.
The ogre is lightly wounded.
You block the ogre's attack.
You hit the ogre. You freeze the ogre.
The ogre is lightly wounded.
The ogre hits you with a giant club.
Your shield and chain mail prevent you from hitting the ogre.
The ogre is lightly wounded.
The ogre hits you with a giant club!!
Ouch! That really hurt!
You hit the ogre. You freeze the ogre.
The ogre is moderately wounded.
The ogre hits you with a giant club.
You hit the ogre. You freeze the ogre.
The ogre is heavily wounded.
The ogre hits you with a giant club!!
Ouch! That really hurt!
You die...

........# #.#.#.######.#.##....#
#######.# #.#.#.# #.#.##.####
#.####.#.#.# #.#.##.#
#......#...# #.#.##.# #
#####....###.###### #.#.##.#
...........###.#....###.#.##.####
#######........#........#........
..........#.##..<....#####...####
###########.####@....#####.#.....
#####.# #:.<.O.....##....#.####
......# #.###......##.####.#
..###.# ### #......##.####.#
..#.#.# #..[...##....#.# ....#.#
#......#####.#.# .##.#.# #......#
#.#.# ....#.# #......# #.#.#
#.###.###### #......# #.#.#


You could see an ogre.

Vanquished Creatures
  A bullfrog (D:4)
  An orc priest (D:3)
  A centaur skeleton (D:4)
  Terence (D:2)
  An iguana (D:4)
  3 gnolls (D:3)
  9 adders
  An ooze (D:3)
  3 worms
  3 dart slugs
  3 leopard geckos
  3 orcs (D:3)
  9 bats
  2 giant cockroaches
  2 goblins
  4 hobgoblins
  3 jackals (D:3)
  A quokka (D:4)
  6 frilled lizards
  7 kobolds
  11 rats
75 creatures vanquished.

Notes
Turn   | Place    | Note
-------+----------+-------------------------------------------
     0 | D:1      | kuniqs the Gargoyle Fighter began the quest for the Orb.
     0 | D:1      | Reached XP level 1. HP: 14/14 MP: 1/1
   216 | D:1      | Reached XP level 2. HP: 19/19 MP: 2/2
   844 | D:2      | Reached XP level 3. HP: 15/23 MP: 3/3
   982 | D:2      | Noticed Terence
  1004 | D:2      | Killed Terence
  1004 | D:2      | Reached skill level 1 in Dodging
  1062 | D:2      | Reached XP level 4. HP: 27/29 MP: 4/4
  1863 | D:2      | Found a runed door.
  2142 | D:3      | Reached XP level 5. HP: 33/33 MP: 5/5
  3107 | D:3      | Reached XP level 6. HP: 38/38 MP: 6/6
  4080 | D:4      | Mangled by an ogre

Skill      XL: |  1  2  3  4  5  6 |
---------------+-------------------+-----
Axes           | 2 3 |  3.1
Dodging        | 1 2 |  2.2
Shields        | 4 |  4.7
Fighting       | 4 |  4.3
Armour         | 4 |  4.6

Action                   |  1- 3 |  4- 6 || total
-------------------------+-------+-------++-------
Melee: War axe           |   121 |   135 ||   256
       Hand axe          |       |   129 ||   129
  Eat: Chunk             |     1 |     9 ||    10
Armor: Scale mail        |    32 |       ||    32
       Chain mail        |    59 |   141 ||   200
Dodge: Dodged            |    39 |    32 ||    71
Block: Shield            |    84 |    44 ||   128
       Large shield      |       |   164 ||   164
